Map: Traitor's Exile

Players

PureLegacy - Winner!

  • Race: Terran Terran
  • Spawn Location: 9:00

LOADBLASTER - Winner!

  • Race: Terran Terran
  • League: Grandmaster
  • Spawn Location: 12:00

hacenet

  • Race: Terran Terran
  • Spawn Location: 5:00

snOuf

  • Race: Terran Terran
  • Spawn Location: 6:00

VOD

Have the link to the VOD?

Description

Time

  • Played on: Nov. 29, 2018, 6:21 a.m.
  • Length: 3:19
Show
View Real Time Build Order
Export as new Build Order

PureLegacy Terran - Winner!

Build Orders:  

Get SALT Encoding   

  12  0:00  SCV  
  13  0:13  SCV  
  14  0:18  Supply Depot  
  14  0:25  SCV  
  15  0:30  Refinery  
  15  0:40  SCV  
  16  0:46  Barracks  
  16  0:52  SCV  
  17  1:03  Barracks  
  17  1:17  Barracks  
  17  1:27  SCV  
  18  1:34  Reaper  
  19  1:40  Orbital Command  
  19  1:48  Refinery  
  19  1:51  Reaper  
  20  2:01  Supply Depot  
  20  2:04  Reaper  
  20  2:08  Reaper  
  22  2:17  SCV  
  23  2:24  Reaper  
  23  2:26  Supply Depot  
  24  2:34  SCV  
  24  2:36  Reaper  
  26  2:46  Reaper  
  26  2:47  SCV  
  30  3:13  Command Center  
Show
View Real Time Build Order
Export as new Build Order

LOADBLASTER Terran - Winner!

Build Orders:  

Get SALT Encoding   

  12  0:02  SCV  
  13  0:14  SCV  
  13  0:19  Supply Depot  
  14  0:26  SCV  
  15  0:29  Refinery  
  15  0:40  SCV  
  16  0:49  Barracks  
  16  0:53  SCV  
  17  0:57  Refinery  
  17  1:05  SCV  
  18  1:17  SCV  
  19  1:36  Reaper, Orbital Command  
  20  1:40  Factory  
  20  1:45  Supply Depot  
  20  2:02  SCV  
  21  2:08  Reaper  
  21  2:15  SCV  
  23  2:21  Command Center  
  23  2:26  Hellion  
  23  2:29  SCV  
  26  2:41  Supply Depot, SCV  
  26  2:42  Barracks Tech Lab  
  27  2:48  Hellion  
  29  2:54  SCV  
Show
View Real Time Build Order
Export as new Build Order

hacenet Terran 

Build Orders:  

Get SALT Encoding   

  12  0:14  SCV  
  13  0:26  SCV  
  13  0:27  Supply Depot  
  14  0:39  SCV  
  15  0:50  Barracks  
  15  0:51  SCV  
  16  0:57  Refinery  
  16  1:00  Refinery  
  16  1:03  SCV  
  17  1:15  SCV  
  18  1:27  SCV  
  19  1:39  Marine  
  20  1:41  Supply Depot, Orbital Command  
  20  1:52  Factory  
  20  1:57  Marine  
  21  2:07  SCV  
  22  2:15  Factory  
  22  2:17  Marine  
  23  2:29  SCV  
  24  2:37  Factory Tech Lab  
  24  2:41  SCV  
Show
View Real Time Build Order
Export as new Build Order

snOuf Terran 

Build Orders: Reaper Expand 

Get SALT Encoding   

  12  0:01  SCV  
  13  0:13  SCV  
  14  0:18  Supply Depot  
  14  0:25  SCV  
  15  0:38  Refinery  
  15  0:40  SCV  
  16  0:46  Barracks  
  16  0:52  SCV  
  17  1:04  SCV  
  18  1:16  SCV  
  19  1:35  Reaper  
  19  1:36  Command Center  
  20  1:46  Orbital Command  
  20  1:57  Barracks  
  20  2:06  Refinery  
  20  2:12  Barracks Tech Lab  
  20  2:13  SCV  
  21  2:32  SCV  
  22  2:44  Marauder  
  22  2:47  Marine  
  22  2:48  SCV  
  24  2:51  Supply Depot  
  23  3:00  SCV  
Tags
 
Add a new tag
Caveats
  • Supply blocks, unpowered buildings, or Contaminate may cause inaccurate times.
  • Supply counts are checked every 10 seconds.